Map: Incorporeal LE

Players

Charlie

  • Race: Zerg Zerg
  • League: Diamond
  • Spawn Location: 11:00

ManlyManMeat - Winner!

  • Race: Zerg Zerg
  • League: Diamond
  • Spawn Location: 5:00

VOD

Have the link to the VOD?

Description

Time

  • Played on: July 9, 2025, 11:12 a.m.
  • Length: 9:35
Show
View Real Time Build Order
Export as new Build Order

Charlie Zerg 

Build Orders: Hatch First 

Get SALT Encoding   

  12  0:02  Drone  
  13  0:12  Overlord  
  13  0:19  Drone  
  14  0:31  Drone x2  
  14  0:35  Drone  
  17  0:49  Drone  
  18  0:55  Hatchery  
  17  1:08  Spawning Pool  
  17  1:10  Drone  
  17  1:16  Extractor  
  17  1:17  Drone  
  17  1:19  Drone  
  18  1:28  Drone  
  19  1:48  Drone  
  20  1:54  Queen  
  20  1:56  Overlord  
  22  2:07  Zergling x2  
  23  2:08  Queen  
  23  2:11  Zergling x4  
  27  2:20  Metabolic Boost  
  27  2:35  Zergling x6  
  27  2:36  Zergling x2  
  31  2:48  Zergling x4  
  31  2:49  Baneling Nest  
  32  2:53  Overlord  
  31  3:18  Drone x6  
  35  4:10  Zergling x2  
  35  4:15  Baneling  
  35  4:16  Baneling x2  
  36  4:22  Roach Warren, Extractor  
  30  4:28  Zergling x20  
  30  4:29  Zergling x2  
  41  4:35  Baneling  
  41  4:36  Baneling x2  
  41  4:39  Spine Crawler  
  41  4:42  Drone  
  41  4:43  Drone x2  
  41  4:44  Extractor  
  41  4:46  Lair, Extractor  
  40  5:06  Spine Crawler  
  31  5:20  Roach  
  31  5:21  Roach x6  
  44  5:24  Overlord x3  
  44  5:36  Overlord  
  44  5:37  Overlord x2  
  42  6:08  Drone x8  
  42  6:09  Drone  
  51  6:23  Pneumatized Carapace  
  51  6:28  Roach  
  51  6:29  Roach  
  55  7:02  Glial Reconstitution  
  55  7:06  Drone x5  
  55  7:07  Drone x5  
  64  7:09  Evolution Chamber  
  64  7:12  Evolution Chamber  
  61  7:30  Hatchery  
  60  7:37  Drone x3  
  60  7:38  Drone x5  
  68  7:56  Roach x2  
  68  7:57  Roach x3  
  78  8:04  Queen  
  80  8:10  Roach x2  
  82  8:33  Roach x5  
  64  8:50  Roach x6  
  68  9:01  Roach x3  
  48  9:05  Roach  
  48  9:06  Roach  
Show
View Real Time Build Order
Export as new Build Order

ManlyManMeat Zerg - Winner!

Build Orders: Hatch First, Zergling Baneling 

Get SALT Encoding   

  12  0:01  Drone  
  13  0:08  Drone  
  14  0:15  Drone, Extractor  
  15  0:22  Overlord  
  15  0:41  Drone  
  16  0:46  Hatchery  
  15  0:50  Drone  
  15  0:53  Drone  
  15  0:57  Drone  
  18  1:07  Extractor  
  17  1:13  Spawning Pool  
  17  1:16  Drone  
  17  1:20  Drone  
  18  1:28  Drone  
  19  1:39  Drone  
  20  1:59  Queen  
  20  2:00  Queen  
  24  2:01  Zergling x2  
  24  2:02  Overlord  
  24  2:04  Drone  
  26  2:09  Metabolic Boost  
  26  2:13  Zergling x2  
  27  2:18  Drone  
  28  2:24  Drone x2  
  30  2:39  Hatchery  
  29  2:47  Zergling x2  
  29  2:49  Baneling Nest  
  29  2:54  Zergling x4  
  29  2:56  Drone  
  32  3:10  Zergling x4  
  32  3:11  Overlord  
  33  3:24  Zergling x4  
  33  3:26  Roach Warren  
  34  3:40  Baneling x2  
  34  3:43  Zergling x6  
  34  3:45  Zergling x2  
  34  3:46  Zergling x4  
  35  3:51  Zergling x4  
  37  4:03  Zergling x6  
  39  4:10  Baneling  
  39  4:11  Baneling  
  38  4:18  Zergling x4  
  38  4:21  Extractor  
  39  4:27  Overlord  
  39  4:28  Drone  
  40  4:33  Roach x3  
  40  4:35  Evolution Chamber  
  40  4:37  Baneling x2  
  45  4:51  Baneling x2  
  44  4:55  Baneling x2  
  43  5:12  Roach x5  
  50  5:16  Drone  
  51  5:27  Drone x3  
  54  5:37  Drone x3  
  55  6:00  Overlord, Roach  
  55  6:02  Zerg Missile Weapons Level 1  
  57  6:10  Lair  
  56  6:29  Roach x3  
  56  6:30  Roach x2  
  65  6:57  Overlord x3  
  60  7:17  Roach  
  60  7:18  Roach x10  
  80  7:26  Glial Reconstitution  
  80  7:31  Baneling  
  80  7:32  Baneling, Roach  
  78  7:55  Roach x2  
  82  8:00  Overlord x2  
  82  8:03  Drone  
  83  8:06  Extractor  
  82  8:12  Ravager  
  81  8:34  Roach x9  
  91  8:54  Ravager  
  92  8:58  Overlord  
  92  8:59  Overlord x2  
Tags
 
Add a new tag
Caveats
  • Supply blocks, unpowered buildings, or Contaminate may cause inaccurate times.
  • Supply counts are checked every 10 seconds.